[ PARTIDA AOE2 · #479230158 ]
UnrankedLituanos vs Poles
[ ANÁLISIS DE REPETICIÓN · EXTRAÍDO DE LA PARTIDA GRABADA ]
Feudal
11:10
Castillos
15:19
Imperial
—
| APM promedio | 19.2 |
| APM pico | 40 |
| eAPM promedio | 13.2 |
| Aldeanos / militares | 85 / 59 |
Foco
⚔️ 13.0% · 🌾 87.0%
Skirmisher ×35 · Knight ×18 · Cavalry Archer ×4 · Monk ×2
Feudal
12:45
Castillos
16:18
Imperial
—
| APM promedio | 17.5 |
| APM pico | 43 |
| eAPM promedio | 15.1 |
| Aldeanos / militares | 147 / 70 |
Foco
⚔️ 11.3% · 🌾 88.7%
Knight ×70
Feudal
10:41
Castillos
14:47
Imperial
—
| APM promedio | 55.7 |
| APM pico | 109 |
| eAPM promedio | 20.6 |
| Aldeanos / militares | 69 / 58 |
Foco
⚔️ 16.6% · 🌾 83.4%
Conquistador ×36 · Scorpion ×6 · Spearman ×5 · Battering Ram ×4 · Petard ×3 · Mangonel ×2
Feudal
10:26
Castillos
16:44
Imperial
—
| APM promedio | 33.6 |
| APM pico | 72 |
| eAPM promedio | 17.3 |
| Aldeanos / militares | 82 / 12 |
Foco
⚔️ 9.1% · 🌾 90.9%
Skirmisher ×7 · Mangonel ×3 · Rattan Archer ×2
Feudal
13:48
Castillos
17:59
Imperial
22:30
| APM promedio | 23.5 |
| APM pico | 61 |
| eAPM promedio | 15.2 |
| Aldeanos / militares | 95 / 21 |
Foco
⚔️ 18.5% · 🌾 81.5%
Hand Cannoneer ×16 · Bombard Cannon ×4 · Monk ×1
Feudal
10:52
Castillos
14:49
Imperial
30:38
| APM promedio | 24.5 |
| APM pico | 52 |
| eAPM promedio | 14.0 |
| Aldeanos / militares | 102 / 146 |
Foco
⚔️ 19.0% · 🌾 81.0%
Skirmisher ×116 · Petard ×30
Mapa de la partida
Recursos iniciales + cada clic de construcción. Líneas = muros · curvas = relieve. ◆ oro · ⬟ piedra · ● bayas · ✦ reliquia · ◌ hueco del cierre
Tu base· ✓ Cerrada en 15:19 · 0t muro · 3 puerta(s)
Base de smake· ✓ Cerrada en 16:18 · 0t muro · 2 puerta(s)
Base de Don Cheizy· ✓ Cerrada en 14:47 · 0t muro · 3 puerta(s)
Base de ThawThaw· ✓ Cerrada en 16:44 · 0t muro · 3 puerta(s)
Base de anjoff· ✓ Cerrada en 17:59 · 0t muro · 2 puerta(s)
Base de 将軍 Nwr· ✓ Cerrada en 14:49 · 0t muro · 2 puerta(s)
Terreno inicial suavizado · ◌ = hueco del cierre detectado · pasá el cursor para detalles
Inputs por minuto
— Basileus Masterbrand - - smake
Build order — Basileus Masterbrand
137 acciones detectadas en el replay
| 0:03 | Construir | House |
| 0:04 | Construir | House |
| 0:05 | Construir | House |
| 0:09 | Crear | Villager (Male) ×5 |
| 0:09 | Crear | Villager (Male) |
| 1:24 | Crear | Villager (Male) |
| 2:00 | Crear | Villager (Male) |
| 2:28 | Construir | Mill |
| 2:43 | Crear | Villager (Male) |
| 3:13 | Crear | Villager (Male) |
| 3:13 | Crear | Villager (Male) |
| 3:52 | Crear | Villager (Male) |
| 3:52 | Crear | Villager (Male) |
| 4:04 | Construir | House |
| 5:11 | Crear | Villager (Male) |
| 5:11 | Crear | Villager (Male) |
| 5:12 | Crear | Villager (Male) |
| 5:25 | Crear | Villager (Male) |
| 5:36 | Construir | Lumber Camp |
| 6:13 | Crear | Villager (Male) |
| 6:51 | Construir | Mill |
| 6:56 | Crear | Villager (Male) |
| 7:18 | Crear | Villager (Male) |
| 7:58 | Crear | Villager (Male) |
| 8:35 | Construir | Mining Camp |
| 9:00 | Investigar | Feudal Age |
| 9:07 | Construir | House |
| 9:24 | Crear | Villager (Male) |
| 10:51 | Construir | Farm |
| 10:51 | Construir | Farm |
| 10:51 | Construir | Farm |
| 11:01 | Construir | Farm |
| 11:10 | Edad | Edad Feudal |
| 11:16 | Construir | Market |
| 11:19 | Crear | Villager (Male) |
| 11:40 | Crear | Villager (Male) |
| 12:01 | Construir | Blacksmith |
| 12:39 | Investigar | Castle Age |
| 13:03 | Construir | House |
| 13:15 | Investigar | Double-Bit Axe |
| 13:36 | Crear | Villager (Male) |
| 13:52 | Crear | Villager (Male) |
| 14:43 | Investigar | Horse Collar |
| 15:05 | Construir | Farm |
| 15:09 | Construir | Farm |
| 15:12 | Construir | Farm |
| 15:14 | Construir | Farm |
| 15:19 | Edad | Edad de los Castillos |
| 15:21 | Construir | Farm |
| 15:27 | Crear | Villager (Male) |
| 15:41 | Construir | Town Center |
| 16:08 | Construir | Farm |
| 16:16 | Crear | Villager (Male) |
| 16:38 | Construir | Farm |
| 16:44 | Construir | House |
| 16:47 | Crear | Villager (Male) |
| 17:05 | Construir | House |
| 17:07 | Crear | Villager (Male) |
| 17:15 | Crear | Villager (Male) ×5 |
| 17:20 | Construir | Farm |
| 17:29 | Construir | Farm |
| 17:48 | Construir | Farm |
| 18:14 | Construir | Monastery |
| 18:23 | Construir | House |
| 18:26 | Construir | House |
| 18:31 | Construir | House |
| 18:38 | Construir | House |
| 18:39 | Construir | House |
| 18:41 | Construir | House |
| 18:46 | Crear | Villager (Male) ×5 |
| 18:58 | Crear | Monk |
| 19:04 | Construir | House |
| 19:10 | Construir | House |
| 19:25 | Construir | Farm |
| 19:27 | Construir | Farm |
| 19:31 | Crear | Villager (Male) ×5 |
| 19:47 | Construir | Farm |
| 20:13 | Construir | Farm |
| 20:26 | Construir | Barracks |
| 20:34 | Crear | Monk |
| 20:38 | Construir | Farm |
| 20:52 | Crear | Villager (Male) ×5 |
| 20:54 | Construir | Farm |
| 21:18 | Construir | Farm |
| 21:22 | Construir | Farm |
| 21:40 | Construir | Archery Range |
| 21:54 | Construir | Farm |
| 21:57 | Crear | Villager (Male) ×5 |
| 22:10 | Construir | Lumber Camp |
| 22:18 | Construir | Farm |
| 22:40 | Construir | Mining Camp |
| 22:49 | Construir | Farm |
| 22:54 | Construir | Lumber Camp |
| 22:58 | Crear | Villager (Male) ×5 |
| 23:08 | Investigar | Gold Mining |
| 23:34 | Construir | Farm |
| 23:38 | Investigar | Stone Mining |
| 23:44 | Construir | Archery Range |
| 24:11 | Investigar | Elite Skirmisher (upgrade) |
| 24:20 | Crear | Villager (Male) ×5 |
| 24:31 | Construir | House |
| 24:43 | Construir | Archery Range |
| 24:49 | Construir | Stable |
| 25:09 | Construir | Stable |
| 25:52 | Crear | Knight |
| 25:52 | Crear | Knight |
| 25:57 | Investigar | Redemption |
| 26:13 | Crear | Skirmisher ×5 |
| 26:16 | Crear | Cavalry Archer ×4 |
| 26:19 | Crear | Skirmisher ×5 |
| 26:31 | Crear | Skirmisher ×5 |
| 26:35 | Crear | Knight ×4 |
| 27:54 | Crear | Knight |
| 28:47 | Construir | University |
| 29:12 | Investigar | Fletching |
| 29:17 | Crear | Villager (Male) ×5 |
| 29:36 | Investigar | Padded Archer Armor |
| 29:45 | Construir | Farm |
| 29:45 | Construir | Farm |
| 29:57 | Crear | Knight ×4 |
| 30:08 | Crear | Skirmisher ×5 |
| 30:35 | Construir | House |
| 30:36 | Construir | House |
| 30:47 | Crear | Skirmisher ×5 |
| 31:01 | Crear | Skirmisher ×5 |
| 31:02 | Crear | Skirmisher ×5 |
| 31:18 | Crear | Villager (Male) ×5 |
| 31:38 | Construir | Blacksmith |
| 31:51 | Construir | Stable |
| 31:57 | Investigar | Bloodlines |
| 32:15 | Investigar | Ballistics |
| 32:22 | Crear | Knight ×2 |
| 32:22 | Crear | Knight ×2 |
| 33:02 | Crear | Villager (Male) ×5 |
| 33:02 | Crear | Villager (Male) ×5 |
| 33:06 | Crear | Knight ×3 |
| 34:32 | Investigar | Light Cavalry (upgrade) |
Build order — smake
Primeras 150 de 311 acciones detectadas
| 0:02 | Crear | Villager (Male) |
| 0:02 | Crear | Villager (Male) |
| 0:03 | Construir | House |
| 0:05 | Construir | House |
| 0:25 | Crear | Villager (Male) |
| 0:25 | Crear | Villager (Male) |
| 0:25 | Crear | Villager (Male) |
| 1:35 | Crear | Villager (Male) |
| 1:35 | Crear | Villager (Male) |
| 2:01 | Crear | Villager (Male) |
| 2:01 | Crear | Villager (Male) |
| 2:25 | Crear | Villager (Male) |
| 2:25 | Crear | Villager (Male) |
| 2:50 | Crear | Villager (Male) |
| 2:50 | Crear | Villager (Male) |
| 3:12 | Crear | Villager (Male) |
| 3:13 | Crear | Villager (Male) |
| 3:46 | Crear | Villager (Male) |
| 3:46 | Crear | Villager (Male) |
| 4:08 | Crear | Villager (Male) |
| 4:08 | Crear | Villager (Male) |
| 4:26 | Construir | House |
| 4:32 | Construir | House |
| 4:40 | Crear | Villager (Male) |
| 4:56 | Crear | Villager (Male) |
| 4:57 | Crear | Villager (Male) |
| 4:57 | Crear | Villager (Male) |
| 5:28 | Construir | Mill |
| 5:32 | Crear | Villager (Male) |
| 5:32 | Crear | Villager (Male) |
| 5:54 | Construir | Lumber Camp |
| 6:07 | Crear | Villager (Male) |
| 6:07 | Crear | Villager (Male) |
| 6:26 | Crear | Villager (Male) |
| 6:26 | Crear | Villager (Male) |
| 6:46 | Crear | Villager (Male) |
| 6:46 | Crear | Villager (Male) |
| 6:46 | Crear | Villager (Male) |
| 6:59 | Crear | Villager (Male) |
| 6:59 | Crear | Villager (Male) |
| 7:46 | Crear | Villager (Male) |
| 7:47 | Crear | Villager (Male) |
| 8:00 | Construir | Mining Camp |
| 9:20 | Crear | Villager (Male) |
| 9:20 | Crear | Villager (Male) |
| 9:25 | Crear | Villager (Male) |
| 9:25 | Crear | Villager (Male) |
| 10:01 | Construir | Farm |
| 10:02 | Construir | Farm |
| 10:03 | Construir | Farm |
| 10:06 | Construir | Farm |
| 10:07 | Construir | Farm |
| 10:08 | Construir | Farm |
| 10:09 | Construir | Farm |
| 10:11 | Construir | Farm |
| 10:34 | Investigar | Feudal Age |
| 10:59 | Construir | Farm |
| 11:00 | Construir | Farm |
| 11:01 | Construir | Farm |
| 11:02 | Construir | Farm |
| 11:18 | Crear | Villager (Male) |
| 11:18 | Crear | Villager (Male) |
| 12:45 | Edad | Edad Feudal |
| 12:50 | Construir | Market |
| 13:01 | Construir | Blacksmith |
| 13:04 | Crear | Villager (Male) |
| 13:38 | Investigar | Castle Age |
| 14:26 | Investigar | Double-Bit Axe |
| 14:29 | Investigar | Horse Collar |
| 14:32 | Investigar | Stone Mining |
| 14:51 | Construir | Mining Camp |
| 15:19 | Crear | Villager (Male) |
| 15:20 | Crear | Villager (Male) |
| 15:27 | Construir | House |
| 16:05 | Construir | House |
| 16:18 | Edad | Edad de los Castillos |
| 16:24 | Investigar | Stone Shaft Mining |
| 16:25 | Investigar | Gold Mining |
| 16:59 | Crear | Villager (Male) |
| 17:32 | Crear | Villager (Male) |
| 17:42 | Construir | Town Center |
| 17:46 | Crear | Villager (Male) |
| 17:47 | Crear | Villager (Male) |
| 18:33 | Construir | Town Center |
| 18:37 | Crear | Villager (Male) |
| 18:38 | Crear | Villager (Male) |
| 19:16 | Construir | Barracks |
| 19:27 | Construir | Farm |
| 19:32 | Crear | Villager (Male) |
| 19:32 | Crear | Villager (Male) |
| 19:33 | Crear | Villager (Male) |
| 19:35 | Crear | Villager (Male) |
| 19:36 | Crear | Villager (Male) |
| 19:36 | Crear | Villager (Male) |
| 19:58 | Crear | Villager (Male) |
| 19:58 | Crear | Villager (Male) |
| 20:01 | Crear | Villager (Male) |
| 20:01 | Crear | Villager (Male) |
| 20:08 | Investigar | Wheelbarrow |
| 20:24 | Construir | Stable |
| 20:28 | Construir | Stable |
| 20:49 | Crear | Villager (Male) |
| 20:50 | Crear | Villager (Male) |
| 20:50 | Crear | Villager (Male) |
| 21:05 | Crear | Villager (Male) |
| 21:06 | Crear | Villager (Male) |
| 21:17 | Construir | Farm |
| 21:26 | Construir | Farm |
| 21:28 | Crear | Villager (Male) |
| 21:29 | Crear | Villager (Male) |
| 21:29 | Crear | Villager (Male) |
| 21:40 | Crear | Villager (Male) |
| 21:58 | Construir | Farm |
| 22:00 | Construir | Farm |
| 22:02 | Construir | Farm |
| 22:03 | Crear | Villager (Male) |
| 22:04 | Crear | Villager (Male) |
| 22:11 | Construir | House |
| 22:12 | Construir | House |
| 22:12 | Construir | House |
| 22:12 | Construir | House |
| 22:12 | Construir | House |
| 22:13 | Construir | House |
| 22:14 | Construir | House |
| 22:14 | Construir | House |
| 22:14 | Construir | House |
| 22:14 | Construir | House |
| 22:15 | Construir | House |
| 22:15 | Construir | House |
| 22:15 | Construir | House |
| 22:16 | Construir | House |
| 22:16 | Construir | House |
| 22:22 | Investigar | Loom |
| 22:22 | Crear | Villager (Male) |
| 22:22 | Crear | Villager (Male) |
| 22:23 | Crear | Villager (Male) |
| 22:29 | Crear | Villager (Male) |
| 22:30 | Crear | Villager (Male) |
| 22:40 | Construir | Castle |
| 22:42 | Crear | Villager (Male) |
| 22:59 | Construir | Farm |
| 23:14 | Crear | Villager (Male) |
| 23:15 | Crear | Villager (Male) |
| 23:27 | Construir | Stable |
| 23:29 | Construir | Stable |
| 23:32 | Crear | Villager (Male) |
| 23:33 | Crear | Villager (Male) |
| 23:33 | Crear | Villager (Male) |
| 23:43 | Construir | Farm |
| 23:44 | Construir | Farm |
Build order — Don Cheizy
Primeras 150 de 201 acciones detectadas
| 0:02 | Crear | Villager (Male) |
| 0:02 | Crear | Villager (Male) |
| 0:02 | Crear | Villager (Male) |
| 0:02 | Crear | Villager (Male) |
| 0:02 | Crear | Villager (Male) |
| 0:06 | Construir | House |
| 0:09 | Construir | House |
| 1:27 | Crear | Villager (Male) |
| 1:27 | Crear | Villager (Male) |
| 2:08 | Construir | Lumber Camp |
| 2:09 | Crear | Villager (Male) |
| 2:09 | Crear | Villager (Male) |
| 2:09 | Crear | Villager (Male) |
| 2:21 | Crear | Villager (Male) |
| 2:22 | Crear | Villager (Male) |
| 2:22 | Crear | Villager (Male) |
| 3:02 | Crear | Villager (Male) |
| 3:03 | Crear | Villager (Male) |
| 3:03 | Crear | Villager (Male) |
| 3:08 | Construir | House |
| 3:10 | Construir | House |
| 3:22 | Crear | Villager (Male) |
| 3:22 | Crear | Villager (Male) |
| 3:45 | Crear | Villager (Male) |
| 3:45 | Crear | Villager (Male) |
| 3:45 | Crear | Villager (Male) |
| 4:07 | Crear | Villager (Male) |
| 4:33 | Crear | Villager (Male) |
| 4:34 | Crear | Villager (Male) |
| 4:34 | Crear | Villager (Male) |
| 4:38 | Construir | Mill |
| 5:09 | Crear | Villager (Male) |
| 5:09 | Crear | Villager (Male) |
| 5:10 | Crear | Villager (Male) |
| 5:10 | Crear | Villager (Male) |
| 6:01 | Crear | Villager (Male) |
| 6:02 | Crear | Villager (Male) |
| 6:02 | Crear | Villager (Male) |
| 6:02 | Crear | Villager (Male) |
| 7:02 | Construir | Mill |
| 7:25 | Construir | Mining Camp |
| 7:31 | Crear | Villager (Male) |
| 7:50 | Investigar | Loom |
| 8:18 | Investigar | Feudal Age |
| 9:42 | Construir | Barracks |
| 10:33 | Crear | Villager (Male) |
| 10:33 | Crear | Villager (Male) |
| 10:41 | Edad | Edad Feudal |
| 10:46 | Construir | Blacksmith |
| 10:57 | Construir | Market |
| 11:31 | Crear | Villager (Male) |
| 11:38 | Investigar | Town Watch |
| 11:51 | Construir | Mining Camp |
| 11:58 | Construir | House |
| 12:07 | Investigar | Castle Age |
| 12:12 | Crear | Spearman |
| 12:21 | Construir | House |
| 12:38 | Crear | Spearman |
| 13:23 | Crear | Villager (Male) |
| 13:25 | Investigar | Double-Bit Axe |
| 13:29 | Crear | Spearman |
| 13:37 | Crear | Spearman |
| 14:00 | Investigar | Horse Collar |
| 14:08 | Crear | Spearman |
| 14:47 | Edad | Edad de los Castillos |
| 15:05 | Construir | Farm |
| 15:05 | Construir | Farm |
| 15:13 | Construir | Farm |
| 15:40 | Construir | House |
| 15:49 | Construir | Farm |
| 15:55 | Construir | Farm |
| 16:18 | Construir | Castle |
| 16:26 | Crear | Villager (Male) |
| 16:31 | Construir | House |
| 16:43 | Construir | Farm |
| 17:11 | Construir | Monastery |
| 17:24 | Crear | Villager (Male) |
| 17:42 | Construir | Mining Camp |
| 17:44 | Crear | Petard |
| 17:45 | Crear | Petard |
| 17:58 | Crear | Missionary |
| 18:11 | Construir | House |
| 18:17 | Construir | Farm |
| 18:18 | Crear | Villager (Male) |
| 19:01 | Crear | Villager (Male) |
| 19:02 | Crear | Villager (Male) |
| 19:05 | Construir | Farm |
| 19:08 | Crear | Petard |
| 19:16 | Construir | House |
| 19:35 | Crear | Conquistador |
| 19:36 | Crear | Conquistador |
| 19:52 | Construir | House |
| 20:03 | Crear | Missionary |
| 20:18 | Crear | Villager (Male) |
| 20:33 | Crear | Villager (Male) |
| 20:38 | Construir | Farm |
| 20:45 | Construir | Farm |
| 20:49 | Crear | Conquistador |
| 21:05 | Construir | House |
| 21:20 | Construir | Siege Workshop |
| 21:21 | Crear | Conquistador |
| 21:27 | Construir | Farm |
| 21:27 | Construir | Farm |
| 21:51 | Construir | Lumber Camp |
| 21:53 | Crear | Villager (Male) |
| 21:59 | Crear | Conquistador |
| 22:38 | Crear | Villager (Male) |
| 22:43 | Crear | Scorpion |
| 22:45 | Crear | Villager (Male) |
| 22:48 | Construir | House |
| 22:55 | Crear | Villager (Male) |
| 23:41 | Crear | Villager (Male) |
| 23:41 | Crear | Villager (Male) |
| 23:42 | Crear | Conquistador |
| 23:43 | Crear | Conquistador |
| 23:43 | Crear | Conquistador |
| 23:46 | Crear | Mangonel |
| 23:51 | Crear | Villager (Male) |
| 24:09 | Construir | Farm |
| 24:09 | Construir | Farm |
| 24:12 | Construir | Farm |
| 24:12 | Construir | Farm |
| 24:12 | Construir | Farm |
| 24:13 | Construir | Farm |
| 24:13 | Construir | Farm |
| 24:13 | Construir | Farm |
| 24:14 | Construir | Farm |
| 24:14 | Construir | Farm |
| 24:14 | Construir | Farm |
| 24:14 | Construir | Farm |
| 24:15 | Construir | Farm |
| 24:15 | Construir | Farm |
| 24:15 | Construir | Farm |
| 24:16 | Construir | Farm |
| 24:24 | Crear | Villager (Male) |
| 24:34 | Construir | House |
| 24:35 | Crear | Villager (Male) |
| 24:41 | Construir | Lumber Camp |
| 24:49 | Crear | Villager (Male) |
| 24:53 | Crear | Conquistador |
| 24:53 | Crear | Conquistador |
| 25:03 | Crear | Scorpion |
| 25:09 | Crear | Conquistador |
| 25:38 | Crear | Mangonel |
| 25:42 | Crear | Conquistador |
| 25:43 | Crear | Conquistador |
| 26:14 | Crear | Conquistador |
| 26:38 | Crear | Conquistador |
| 26:39 | Crear | Conquistador |
| 26:39 | Crear | Conquistador |
Build order — ThawThaw
Primeras 150 de 174 acciones detectadas
| 0:00 | Crear | Villager (Male) |
| 0:01 | Crear | Villager (Male) |
| 0:01 | Crear | Villager (Male) |
| 0:02 | Construir | House |
| 0:04 | Construir | House |
| 0:05 | Crear | Villager (Male) |
| 1:29 | Crear | Villager (Male) |
| 2:13 | Crear | Villager (Male) |
| 2:25 | Crear | Villager (Male) |
| 3:06 | Construir | Lumber Camp |
| 3:15 | Crear | Villager (Male) |
| 3:15 | Crear | Villager (Male) |
| 3:16 | Crear | Villager (Male) |
| 3:54 | Crear | Villager (Male) |
| 4:23 | Crear | Villager (Male) |
| 4:30 | Construir | House |
| 4:55 | Crear | Villager (Male) |
| 4:56 | Crear | Villager (Male) |
| 5:01 | Crear | Villager (Male) |
| 5:45 | Crear | Villager (Male) |
| 5:52 | Construir | House |
| 5:58 | Crear | Villager (Male) |
| 6:19 | Crear | Villager (Male) |
| 6:27 | Construir | Mill |
| 6:36 | Crear | Villager (Male) |
| 7:17 | Construir | Mill |
| 7:24 | Crear | Villager (Male) |
| 8:00 | Construir | Farm |
| 8:02 | Investigar | Feudal Age |
| 8:53 | Construir | Mining Camp |
| 9:01 | Crear | Villager (Male) |
| 9:02 | Crear | Villager (Male) |
| 10:08 | Crear | Villager (Male) |
| 10:22 | Construir | House |
| 10:26 | Edad | Edad Feudal |
| 11:03 | Construir | Blacksmith |
| 11:11 | Construir | Market |
| 11:15 | Crear | Villager (Male) |
| 11:19 | Investigar | Double-Bit Axe |
| 11:26 | Investigar | Horse Collar |
| 11:40 | Crear | Villager (Male) |
| 11:41 | Crear | Villager (Male) |
| 11:50 | Construir | House |
| 11:54 | Construir | Farm |
| 12:11 | Construir | Farm |
| 12:26 | Crear | Villager (Male) |
| 12:34 | Construir | Farm |
| 12:54 | Construir | Farm |
| 13:04 | Crear | Villager (Male) |
| 13:15 | Construir | Farm |
| 13:32 | Construir | Farm |
| 13:39 | Crear | Villager (Male) |
| 13:57 | Investigar | Castle Age |
| 14:00 | Construir | Farm |
| 14:33 | Construir | Mining Camp |
| 14:41 | Crear | Villager (Male) |
| 15:05 | Crear | Villager (Male) |
| 15:27 | Construir | House |
| 15:35 | Crear | Villager (Male) |
| 15:44 | Construir | House |
| 15:54 | Crear | Villager (Male) |
| 16:38 | Construir | House |
| 16:44 | Edad | Edad de los Castillos |
| 16:51 | Investigar | Bow Saw |
| 17:15 | Construir | Farm |
| 17:35 | Construir | House |
| 17:39 | Construir | Farm |
| 18:03 | Construir | House |
| 18:14 | Construir | House |
| 18:18 | Construir | Farm |
| 18:20 | Crear | Villager (Male) |
| 19:18 | Crear | Villager (Male) |
| 19:18 | Crear | Villager (Male) |
| 19:23 | Construir | Farm |
| 19:54 | Crear | Villager (Male) |
| 19:56 | Construir | Farm |
| 20:04 | Crear | Villager (Male) |
| 20:04 | Crear | Villager (Male) |
| 20:06 | Crear | Villager (Male) |
| 21:01 | Construir | Castle |
| 21:14 | Crear | Villager (Male) |
| 21:15 | Crear | Villager (Male) |
| 21:25 | Construir | Town Center |
| 21:39 | Crear | Villager (Male) |
| 21:45 | Crear | Villager (Male) |
| 21:46 | Crear | Villager (Male) |
| 21:52 | Construir | House |
| 22:06 | Construir | Siege Workshop |
| 22:16 | Construir | Mining Camp |
| 22:31 | Construir | Mining Camp |
| 22:41 | Crear | Villager (Male) |
| 22:46 | Crear | Villager (Male) |
| 22:46 | Crear | Villager (Male) |
| 22:46 | Crear | Villager (Male) |
| 22:47 | Crear | Villager (Male) |
| 22:49 | Construir | Farm |
| 22:51 | Construir | Farm |
| 22:53 | Construir | Farm |
| 22:55 | Construir | House |
| 23:12 | Crear | Mangonel |
| 23:28 | Construir | Mining Camp |
| 23:31 | Construir | House |
| 23:33 | Crear | Villager (Male) |
| 23:34 | Crear | Villager (Male) |
| 23:51 | Crear | Villager (Male) |
| 23:52 | Crear | Villager (Male) |
| 24:23 | Construir | Barracks |
| 24:29 | Crear | Mangonel |
| 24:29 | Crear | Mangonel |
| 25:04 | Crear | Villager (Male) |
| 25:05 | Crear | Villager (Male) |
| 25:07 | Crear | Villager (Male) |
| 25:07 | Crear | Villager (Male) |
| 25:17 | Construir | Archery Range |
| 26:11 | Construir | Castle |
| 26:19 | Construir | House |
| 26:22 | Construir | House |
| 26:23 | Crear | Villager (Male) |
| 26:23 | Crear | Villager (Male) |
| 26:24 | Crear | Villager (Male) |
| 26:24 | Crear | Villager (Male) |
| 26:25 | Crear | Villager (Male) |
| 26:26 | Crear | Villager (Male) |
| 26:29 | Investigar | Fletching |
| 26:37 | Construir | Archery Range |
| 26:43 | Crear | Villager (Male) |
| 26:51 | Construir | House |
| 26:54 | Crear | Villager (Male) |
| 26:55 | Crear | Villager (Male) |
| 27:19 | Crear | Villager (Male) |
| 27:19 | Crear | Villager (Male) |
| 27:19 | Crear | Villager (Male) |
| 27:20 | Crear | Villager (Male) |
| 27:26 | Construir | House |
| 27:32 | Investigar | Elite Skirmisher (upgrade) |
| 27:46 | Crear | Rattan Archer |
| 27:46 | Crear | Rattan Archer |
| 27:53 | Crear | Villager (Male) |
| 28:06 | Investigar | Heavy Plow |
| 28:09 | Construir | Farm |
| 28:28 | Construir | Farm |
| 28:38 | Construir | Lumber Camp |
| 28:46 | Construir | House |
| 29:18 | Construir | House |
| 29:26 | Crear | Villager (Male) |
| 29:47 | Crear | Skirmisher |
| 29:48 | Crear | Skirmisher |
| 29:48 | Crear | Skirmisher |
| 29:48 | Crear | Skirmisher |
| 29:48 | Crear | Skirmisher |
Build order — anjoff
Primeras 150 de 198 acciones detectadas
| 0:04 | Investigar | Loom |
| 0:04 | Crear | Villager (Male) |
| 0:04 | Crear | Villager (Male) |
| 0:05 | Crear | Villager (Male) |
| 0:05 | Crear | Villager (Male) |
| 0:07 | Construir | House |
| 0:09 | Construir | House |
| 0:17 | Construir | House |
| 2:14 | Construir | Lumber Camp |
| 2:16 | Crear | Villager (Male) |
| 2:17 | Crear | Villager (Male) |
| 2:21 | Crear | Villager (Male) |
| 2:22 | Crear | Villager (Male) |
| 2:41 | Crear | Villager (Male) |
| 2:42 | Crear | Villager (Male) |
| 3:07 | Crear | Villager (Male) |
| 3:07 | Crear | Villager (Male) |
| 3:46 | Crear | Villager (Male) |
| 3:46 | Crear | Villager (Male) |
| 4:25 | Construir | House |
| 4:33 | Crear | Villager (Male) |
| 4:33 | Crear | Villager (Male) |
| 4:46 | Crear | Villager (Male) |
| 4:46 | Crear | Villager (Male) |
| 5:04 | Construir | Mill |
| 5:09 | Crear | Villager (Male) |
| 5:10 | Crear | Villager (Male) |
| 5:32 | Crear | Villager (Male) |
| 5:32 | Crear | Villager (Male) |
| 5:33 | Crear | Villager (Male) |
| 5:59 | Crear | Villager (Male) |
| 5:59 | Crear | Villager (Male) |
| 6:34 | Crear | Villager (Male) |
| 6:35 | Crear | Villager (Male) |
| 6:35 | Crear | Villager (Male) |
| 7:07 | Crear | Villager (Male) |
| 7:16 | Crear | Villager (Male) |
| 7:17 | Crear | Villager (Male) |
| 7:17 | Crear | Villager (Male) |
| 7:17 | Crear | Villager (Male) |
| 7:32 | Construir | House |
| 7:39 | Crear | Villager (Male) |
| 7:39 | Crear | Villager (Male) |
| 7:58 | Construir | Mill |
| 8:12 | Construir | Lumber Camp |
| 8:15 | Crear | Villager (Male) |
| 8:15 | Crear | Villager (Male) |
| 8:15 | Crear | Villager (Male) |
| 8:15 | Crear | Villager (Male) |
| 8:42 | Crear | Villager (Male) |
| 8:42 | Crear | Villager (Male) |
| 10:02 | Construir | Mining Camp |
| 10:35 | Construir | House |
| 10:42 | Investigar | Feudal Age |
| 11:31 | Construir | Farm |
| 11:36 | Construir | Farm |
| 12:15 | Construir | Farm |
| 12:16 | Construir | Farm |
| 12:47 | Construir | Farm |
| 12:49 | Construir | Farm |
| 12:52 | Construir | Farm |
| 13:19 | Construir | Farm |
| 13:20 | Construir | Farm |
| 13:48 | Edad | Edad Feudal |
| 13:51 | Construir | Market |
| 13:58 | Construir | Blacksmith |
| 14:02 | Crear | Villager (Male) |
| 14:02 | Crear | Villager (Male) |
| 14:03 | Crear | Villager (Male) |
| 14:10 | Construir | Farm |
| 14:12 | Construir | Farm |
| 14:40 | Investigar | Double-Bit Axe |
| 14:42 | Investigar | Gold Mining |
| 15:19 | Investigar | Castle Age |
| 15:36 | Construir | Farm |
| 15:38 | Construir | Farm |
| 15:41 | Construir | Farm |
| 15:52 | Investigar | Horse Collar |
| 16:34 | Construir | Barracks |
| 16:58 | Construir | House |
| 16:59 | Construir | House |
| 17:49 | Crear | Villager (Male) |
| 17:49 | Crear | Villager (Male) |
| 17:50 | Crear | Villager (Male) |
| 17:59 | Edad | Edad de los Castillos |
| 18:02 | Construir | Siege Workshop |
| 18:32 | Construir | Monastery |
| 19:20 | Investigar | Imperial Age |
| 19:22 | Crear | Monk |
| 20:02 | Construir | Archery Range |
| 20:04 | Construir | Archery Range |
| 20:42 | Investigar | Bow Saw |
| 20:56 | Construir | House |
| 20:58 | Construir | House |
| 20:59 | Construir | House |
| 21:00 | Construir | House |
| 21:06 | Investigar | Gold Shaft Mining |
| 21:22 | Construir | Farm |
| 21:40 | Construir | Farm |
| 21:47 | Crear | Villager (Male) |
| 21:49 | Crear | Villager (Male) |
| 22:06 | Investigar | Heavy Plow |
| 22:30 | Edad | Edad Imperial |
| 22:33 | Crear | Bombard Cannon |
| 22:34 | Crear | Hand Cannoneer |
| 22:35 | Crear | Hand Cannoneer |
| 22:36 | Crear | Hand Cannoneer |
| 22:37 | Crear | Hand Cannoneer |
| 22:58 | Crear | Bombard Cannon |
| 23:27 | Construir | House |
| 23:38 | Crear | Hand Cannoneer |
| 23:38 | Crear | Hand Cannoneer |
| 23:43 | Construir | Farm |
| 23:45 | Construir | Farm |
| 23:46 | Crear | Villager (Male) |
| 23:46 | Crear | Villager (Male) |
| 24:08 | Construir | House |
| 24:10 | Construir | House |
| 24:21 | Construir | Farm |
| 24:23 | Crear | Villager (Male) |
| 24:23 | Crear | Villager (Male) |
| 24:28 | Crear | Hand Cannoneer |
| 24:29 | Crear | Hand Cannoneer |
| 25:21 | Crear | Hand Cannoneer |
| 25:21 | Crear | Hand Cannoneer |
| 25:24 | Crear | Hand Cannoneer |
| 25:28 | Crear | Villager (Male) |
| 25:28 | Crear | Villager (Male) |
| 26:18 | Crear | Bombard Cannon |
| 26:22 | Crear | Hand Cannoneer |
| 26:22 | Crear | Hand Cannoneer |
| 26:22 | Crear | Hand Cannoneer |
| 26:47 | Construir | Mining Camp |
| 26:48 | Crear | Villager (Male) |
| 26:48 | Crear | Villager (Male) |
| 26:48 | Crear | Villager (Male) |
| 27:02 | Crear | Bombard Cannon |
| 27:06 | Crear | Hand Cannoneer |
| 27:08 | Crear | Hand Cannoneer |
| 27:15 | Crear | Villager (Male) |
| 27:15 | Crear | Villager (Male) |
| 27:17 | Crear | Villager (Male) |
| 27:37 | Construir | Town Center |
| 27:49 | Construir | Town Center |
| 28:01 | Investigar | Wheelbarrow |
| 28:01 | Crear | Villager (Male) |
| 28:01 | Crear | Villager (Male) |
| 30:09 | Crear | Villager (Male) |
| 30:09 | Crear | Villager (Male) |
| 30:09 | Crear | Villager (Male) |
Build order — 将軍 Nwr
Primeras 150 de 253 acciones detectadas
| 0:00 | Crear | Villager (Male) |
| 0:00 | Crear | Villager (Male) |
| 0:02 | Construir | House |
| 0:04 | Construir | House |
| 0:30 | Crear | Villager (Male) |
| 0:52 | Crear | Villager (Male) |
| 1:44 | Crear | Villager (Male) |
| 1:49 | Construir | Settlement |
| 2:12 | Crear | Villager (Male) |
| 2:25 | Crear | Villager (Male) |
| 2:49 | Crear | Villager (Male) |
| 3:35 | Crear | Villager (Male) |
| 3:52 | Crear | Villager (Male) |
| 4:21 | Crear | Villager (Male) |
| 4:30 | Construir | Settlement |
| 4:37 | Crear | Villager (Male) |
| 5:08 | Crear | Villager (Male) |
| 5:23 | Crear | Villager (Male) |
| 5:25 | Crear | Villager (Male) |
| 5:52 | Crear | Villager (Male) |
| 6:43 | Crear | Villager (Male) |
| 7:21 | Crear | Villager (Male) |
| 7:22 | Crear | Villager (Male) |
| 7:22 | Crear | Villager (Male) |
| 8:12 | Crear | Villager (Male) |
| 8:41 | Crear | Villager (Male) |
| 8:42 | Investigar | Feudal Age |
| 9:51 | Construir | House |
| 9:53 | Construir | House |
| 10:17 | Crear | Villager (Male) |
| 10:18 | Crear | Villager (Male) |
| 10:19 | Construir | Farm |
| 10:19 | Construir | Farm |
| 10:20 | Construir | Farm |
| 10:20 | Construir | Farm |
| 10:52 | Edad | Edad Feudal |
| 10:54 | Construir | Market |
| 10:55 | Construir | Blacksmith |
| 11:08 | Construir | Farm |
| 11:08 | Construir | Farm |
| 11:08 | Construir | Farm |
| 12:06 | Investigar | Horse Collar |
| 12:09 | Investigar | Castle Age |
| 12:38 | Construir | Farm |
| 12:38 | Construir | Farm |
| 12:44 | Crear | Villager (Male) |
| 13:38 | Investigar | Double-Bit Axe |
| 13:50 | Investigar | Horse Collar |
| 14:19 | Crear | Villager (Male) |
| 14:49 | Edad | Edad de los Castillos |
| 14:55 | Construir | Town Center |
| 15:16 | Construir | Town Center |
| 15:18 | Crear | Villager (Male) |
| 15:19 | Crear | Villager (Male) |
| 15:42 | Construir | Farm |
| 15:58 | Crear | Villager (Male) |
| 16:06 | Crear | Villager (Male) |
| 16:24 | Crear | Villager (Male) |
| 16:24 | Crear | Villager (Male) |
| 16:36 | Construir | Farm |
| 16:36 | Construir | Farm |
| 16:37 | Construir | Farm |
| 16:37 | Construir | Farm |
| 16:44 | Crear | Villager (Male) |
| 16:49 | Crear | Villager (Male) |
| 16:55 | Construir | Farm |
| 16:56 | Construir | Farm |
| 17:10 | Crear | Villager (Male) |
| 17:10 | Crear | Villager (Male) |
| 17:27 | Crear | Villager (Male) |
| 17:36 | Crear | Villager (Male) |
| 17:45 | Construir | Farm |
| 17:45 | Construir | Farm |
| 17:46 | Construir | Farm |
| 17:49 | Construir | Farm |
| 17:57 | Crear | Villager (Male) |
| 17:58 | Crear | Villager (Male) |
| 18:03 | Crear | Villager (Male) |
| 18:03 | Crear | Villager (Male) |
| 18:10 | Construir | Farm |
| 18:18 | Crear | Villager (Male) |
| 18:21 | Construir | Farm |
| 18:30 | Crear | Villager (Male) |
| 18:36 | Crear | Villager (Male) |
| 18:40 | Construir | House |
| 18:42 | Construir | House |
| 18:52 | Crear | Villager (Male) |
| 18:55 | Investigar | Wheelbarrow |
| 19:05 | Crear | Villager (Male) |
| 19:07 | Crear | Villager (Male) |
| 19:08 | Crear | Villager (Male) |
| 19:12 | Construir | House |
| 19:13 | Construir | House |
| 19:14 | Construir | House |
| 19:16 | Construir | House |
| 19:24 | Investigar | Bow Saw |
| 19:25 | Investigar | Heavy Plow |
| 19:28 | Investigar | Heavy Plow |
| 19:30 | Crear | Villager (Male) |
| 19:46 | Construir | Farm |
| 19:46 | Construir | Farm |
| 19:52 | Construir | Farm |
| 19:53 | Construir | Farm |
| 20:04 | Crear | Villager (Male) |
| 20:04 | Crear | Villager (Male) |
| 20:24 | Crear | Villager (Male) |
| 20:24 | Crear | Villager (Male) |
| 20:29 | Construir | Farm |
| 20:49 | Construir | Barracks |
| 20:51 | Crear | Villager (Male) |
| 20:52 | Crear | Villager (Male) |
| 20:52 | Crear | Villager (Male) |
| 20:52 | Crear | Villager (Male) |
| 20:53 | Crear | Villager (Male) |
| 20:57 | Construir | Farm |
| 21:01 | Construir | Farm |
| 21:01 | Construir | Farm |
| 21:02 | Construir | Farm |
| 21:08 | Crear | Villager (Male) |
| 21:09 | Crear | Villager (Male) |
| 21:20 | Construir | Settlement |
| 21:29 | Crear | Villager (Male) |
| 21:29 | Crear | Villager (Male) |
| 21:39 | Crear | Villager (Male) |
| 21:47 | Construir | Farm |
| 21:48 | Construir | Farm |
| 21:56 | Construir | Farm |
| 21:59 | Crear | Villager (Male) |
| 22:00 | Crear | Villager (Male) |
| 22:11 | Crear | Villager (Male) |
| 22:12 | Crear | Villager (Male) |
| 22:14 | Construir | Farm |
| 22:25 | Investigar | Hand Cart |
| 22:30 | Investigar | Elite Skirmisher (upgrade) |
| 22:32 | Crear | Villager (Male) |
| 22:32 | Crear | Villager (Male) |
| 22:32 | Crear | Villager (Male) |
| 22:40 | Construir | Farm |
| 22:44 | Crear | Villager (Male) |
| 22:44 | Crear | Villager (Male) |
| 22:48 | Investigar | Gold Mining |
| 23:05 | Crear | Skirmisher ×5 |
| 23:23 | Crear | Villager (Male) |
| 23:26 | Crear | Villager (Male) |
| 23:35 | Crear | Villager (Male) |
| 23:35 | Crear | Villager (Male) |
| 23:43 | Crear | Villager (Male) |
| 23:53 | Investigar | Fletching |
| 24:00 | Construir | House |
| 24:01 | Construir | House |
Cronología de la partida
| 9:42 | Don Cheizy · first_building Barracks |
| 10:26 | ThawThaw · age_up feudal |
| 10:41 | Don Cheizy · age_up feudal |
| 10:52 | 将軍 Nwr · age_up feudal |
| 11:10 | Basileus Masterbrand · age_up feudal |
| 11:43 | Don Cheizy · first_market_sell 100 stone |
| 11:44 | Don Cheizy · first_market_buy 100 food |
| 12:45 | smake · age_up feudal |
| 13:48 | anjoff · age_up feudal |
| 14:47 | Don Cheizy · age_up castle |
| 14:49 | 将軍 Nwr · age_up castle |
| 15:19 | Basileus Masterbrand · age_up castle |
| 16:18 | Don Cheizy · first_building Castle |
| 16:18 | smake · age_up castle |
| 16:34 | anjoff · first_building Barracks |
| 16:44 | ThawThaw · age_up castle |
| 17:11 | Don Cheizy · first_building Monastery |
| 17:59 | anjoff · age_up castle |
| 18:02 | anjoff · first_building Siege Workshop |
| 18:14 | Basileus Masterbrand · first_building Monastery |
| 18:32 | anjoff · first_building Monastery |
| 19:16 | smake · first_building Barracks |
| 20:02 | anjoff · first_building Archery Range |
| 20:24 | smake · first_building Stable |
| 20:26 | Basileus Masterbrand · first_building Barracks |
| 20:49 | 将軍 Nwr · first_building Barracks |
| 21:01 | ThawThaw · first_building Castle |
| 21:20 | Don Cheizy · first_building Siege Workshop |
| 21:40 | Basileus Masterbrand · first_building Archery Range |
| 22:06 | ThawThaw · first_building Siege Workshop |
| 22:21 | anjoff · first_market_buy 100 wood |
| 22:30 | anjoff · age_up imperial |
| 22:40 | smake · first_building Castle |
| 24:23 | ThawThaw · first_building Barracks |
| 24:25 | 将軍 Nwr · first_building Monastery |
| 24:49 | Basileus Masterbrand · first_building Stable |
| 25:17 | ThawThaw · first_building Archery Range |
| 26:57 | 将軍 Nwr · first_building Archery Range |
| 27:18 | Don Cheizy · first_building Stable |
| 30:03 | ThawThaw · first_market_buy 100 wood |
| 30:38 | 将軍 Nwr · age_up imperial |
| 33:11 | 将軍 Nwr · first_building Castle |
| 35:03 | Basileus Masterbrand · resign |
[ ANÁLISIS IA · 1 CRÉDITO ]
¿Qué pasó realmente en esta partida?
Wolo.gg analiza cada decisión: build order, eco, micro, errores típicos por bracket. Análisis personalizado por WhatsApp o Discord en 30 segundos.
Guía civ
Lituanos
Perfil
Jugador #23906352